 Dungeon Crawl Stone Soup version 0.27.1-1-g398f81649c (webtiles) character file.

Game seed: 13718239616370578903

2551 pkoi the Grappler (level 9, 0/84 HPs)
             Began as a Troll Monk on Sept 7, 2021.
             Was a Believer of Makhleb.
             Slain by a centaur (6 damage)
             ... on level 7 of the Dungeon.
             The game lasted 00:06:42 (5669 turns).

pkoi the Grappler (Troll Monk)                      Turns: 5669, Time: 00:06:42

Health: 0/84       AC:  5    Str: 23    XL:     9   Next: 31%
Magic:  8/8        EV: 11    Int:  7    God:    Makhleb [**....]
Gold:   177        SH:  0    Dex: 12    Spells: 8/8 levels left

rFire    + . .     SeeInvis .     - Unarmed
rCold    + . .     Faith    .   (no shield)
rNeg     + . .     Spirit   .   a - +0 robe
rPois    +         Reflect  .   (helmet restricted)
rElec    +         Harm     .   b - +0 cloak
rCorr    +         Rampage  .   (gloves unavailable)
Will     .....                  (boots unavailable)
Stlth    ++........             (no amulet)
HPRegen  1.24/turn              e - ring of positive energy
MPRegen  0.11/turn              l - ring of resist corrosion

@: resistant
A: large, unfitting armour, claws 3, regeneration 1, shaggy fur 1, tough skin 1
a: Renounce Religion, Minor Destruction


You were on level 7 of the Dungeon.
You worshipped Makhleb.
Makhleb was pleased with you.
You visited 2 branches of the dungeon, and saw 8 of its levels.

You collected 177 gold pieces.

Inventory:

Missiles
 d - 14 poisoned darts (quivered)
Armour
 a - a +0 robe (worn)
 b - a +0 cloak (worn)
Jewellery
 e - a ring of positive energy (left claw)
 f - a ring of magical power
 l - a ring of resist corrosion (right claw)
Wands
 n - a wand of acid (4)
Scrolls
 j - 3 scrolls of enchant weapon
Potions
 c - 3 potions of flight {unknown}
 h - a potion of curing
 m - 2 potions of degeneration {unknown}
 o - a potion of cancellation {unknown}
 p - a potion of might {unknown}


   Skills:
 + Level 4.1 Fighting
 + Level 4.0 Dodging
 - Level 1.0 Stealth
 * Level 11.4 Unarmed Combat
 + Level 1.2 Invocations


You had 8 spell levels left.
You didn't know any spells.
Your spell library contained the following spells:

 Spells                   Type           Power      Damage    Failure   Level
 Passwall                 Tmut/Erth      0%         N/A       56%         2
 Swiftness                Air            0%         N/A       80%         3
 Invisibility             Hex            0%         N/A       100%        6


Dungeon Overview and Level Annotations

Branches:
Dungeon (7/15)             Temple (1/1) D:6

Altars:
Ashenzari
Cheibriados
Dithmenos
Elyvilon
Fedhas
Gozag
Kikubaaqudgha
Makhleb
Nemelex Xobeh
Okawaru
Qazlal
Ru
Sif Muna
Trog
Uskayaw
Vehumet
Wu Jian
Xom
Yredelemnul
Zin
The Shining One

Shops:
D:1 ?   D:2 ?


Innate Abilities, Weirdness & Mutations

You are too large for most types of armour.
You have claws for hands.
Your natural rate of healing is unusually fast.
You are covered in fur. (AC +1)
You have tough skin. (AC +1)


Message History

A gnoll comes into view. It is wielding a +0 spear.
A water moccasin comes into view.
A troll comes into view.
Okay, then.
Unknown command.
A centaur comes into view.
Found a blackened lead wand.
Found 17 stones.
An ice beast comes into view.
Found a dagger.
The centaur shouts!
You hear a croak.
The centaur wields a +0 shortbow.
The centaur shoots an arrow.
The arrow barely misses you.
A bullfrog comes into view.
An orc comes into view. It is wielding a +0 club.
The centaur shoots an arrow.
The arrow hits you.
* * * LOW HITPOINT WARNING * * *
The ice beast hits you.
* * * LOW HITPOINT WARNING * * *
The ice beast freezes you. You resist.
* * * LOW HITPOINT WARNING * * *
The bullfrog misses you.
You closely miss the ice beast.
The centaur unwields a +0 shortbow.
The centaur hits you.
* * * LOW HITPOINT WARNING * * *
The centaur kicks you but does no damage.
The bullfrog misses you.
The ice beast hits you but does no damage.
Unknown command.
You scratch the bullfrog.
The bullfrog is lightly wounded.
The centaur misses you. The centaur barely misses you. The bullfrog hits you.
* * * LOW HITPOINT WARNING * * *
You mangle the bullfrog!!
You kill the bullfrog!
Makhleb accepts your kill.
You feel better.
You hear a shout!
The centaur hits you.
You die...

........#
........#
#.)...... #
#........ o.#
#..(..... ..
#./......
##.##Y.......
#...†@c......
#.###......##
#...####
#..## #o.#
#.## #T# #.#
..... #.#
.....


You could see a troll, an ice beast, a centaur and an orc.

Vanquished Creatures
  Grinder (D:5)
  Prince Ribbit (D:5)
  Sigmund (D:5)
  A vampire mosquito (D:5)
  An acid dragon (D:5)
  Edmund (D:5)
  Duvessa (D:5)
  3 water moccasins (D:6)
  An ogre (D:4)
  A sky beast (D:6)
  2 phantoms
  2 bullfrogs
  3 scorpions (D:5)
  Dowan (D:5)
  A howler monkey (D:4)
  A centaur zombie (D:6)
  3 orc priests (D:6)
  A centaur skeleton (D:6)
  3 hounds
  2 jellies (D:4)
  4 orc wizards (D:6)
  6 adders
  2 shadow imps
  A white imp (D:5)
  An adder skeleton (D:5)
  A worm (D:5)
  3 dart slugs
  9 orcs
  10 ball pythons
  2 endoplasms
  5 giant cockroaches
  9 goblins
  6 hobgoblins
  6 jackals
  6 quokkas
  5 bats
  3 frilled lizards
  7 kobolds
  5 rats
122 creatures vanquished.

Notes
Turn   | Place    | Note
-------+----------+-------------------------------------------
     0 | D:1      | pkoi the Troll Monk began the quest for the Orb.
     0 | D:1      | Reached XP level 1. HP: 22/22 MP: 0/0
    65 | D:1      | Reached XP level 2. HP: 29/29 MP: 1/1
   228 | D:1      | Found Byuthoaf's Magic Scroll Shoppe.
   377 | D:1      | Found a faded altar of an unknown god.
   416 | D:1      | Reached skill level 4 in Unarmed Combat
   873 | D:2      | Reached XP level 3. HP: 36/36 MP: 2/2
  1194 | D:2      | Found Seizeam's Magic Scroll Boutique.
  1783 | D:3      | Reached skill level 5 in Unarmed Combat
  1783 | D:3      | Reached XP level 4. HP: 44/44 MP: 3/3
  2363 | D:4      | Noticed an ogre
  2385 | D:4      | Killed an ogre
  2386 | D:4      | Reached skill level 6 in Unarmed Combat
  2386 | D:4      | Reached XP level 5. HP: 48/50 MP: 4/4
  2513 | D:4      | Noticed a phantom
  2519 | D:4      | Killed a phantom
  2520 | D:4      | Reached skill level 7 in Unarmed Combat
  2520 | D:4      | Reached XP level 6. HP: 53/59 MP: 5/5
  3161 | D:5      | Entered Level 5 of the Dungeon
  3167 | D:5      | Noticed Grinder
  3187 | D:5      | Noticed Dowan
  3187 | D:5      | Noticed Duvessa
  3219 | D:5      | Killed Duvessa
  3220 | D:5      | Reached skill level 8 in Unarmed Combat
  3220 | D:5      | Reached XP level 7. HP: 64/66 MP: 6/6
  3234 | D:5      | Killed Dowan
  3378 | D:5      | Noticed Sigmund
  3434 | D:5      | Noticed Edmund
  3445 | D:5      | Killed Edmund
  3446 | D:5      | Reached skill level 9 in Unarmed Combat
  3735 | D:5      | Noticed Prince Ribbit
  3747 | D:5      | Killed Prince Ribbit
  3748 | D:5      | Reached skill level 10 in Unarmed Combat
  3748 | D:5      | Reached XP level 8. HP: 68/74 MP: 7/7
  3773 | D:5      | Killed Grinder
  4196 | D:5      | Killed Sigmund
  4692 | D:6      | Reached skill level 11 in Unarmed Combat
  4746 | D:6      | Reached XP level 9. HP: 78/84 MP: 8/8
  4869 | D:6      | Found a staircase to the Ecumenical Temple.
  4880 | Temple   | Entered the Ecumenical Temple
  5088 | Temple   | Became a worshipper of Makhleb the Destroyer
  5088 | Temple   | Reached * piety under Makhleb
  5088 | Temple   | Reached ** piety under Makhleb
  5538 | D:7      | Noticed a troll
  5614 | D:5      | Reached skill level 1 in Invocations
  5653 | D:7      | HP: 1/84 [troll (10)]
  5657 | D:7      | Noticed a troll
  5667 | D:7      | HP: 2/84 [centaur (5)]
  5669 | D:7      | Slain by a centaur

Illustrated notes

Levels and vault maps discovered:
D:1:      heliophobic_arrival_enchanted_forest, layout_basic, serial_shops,
          shop, ebering_ecumenical_altar_box
D:2:      layout_loops_ring, serial_shops, shop, minmay_split_cup_large
D:3:      layout_loops_ring
D:4:      layout_cave_pods
D:5:      wad_crossroads, layout_layer_cave, uniq_prince_ribbit1, uniq_grinder,
          uniq_duvessa, uniq_sigmund, uniq_edmund
D:6:      layout_basic, minmay_temple_entry_arrows
D:7:      layout_cave_pods, minmay_the_grid_2x2 [minmay_the_grid_dragon_b,
          minmay_the_grid_eight, minmay_the_grid_embedded,
          minmay_the_grid_prize_four_corners]
Temple:   minmay_crystal_snake_temple

Skill      XL: |  1  2  3  4  5  6  7  8  9 |
---------------+----------------------------+-----
Unarmed Combat | 4 5 6 7 8 10 11 | 11.4
Fighting       | 3 4 |  4.1
Dodging        | 3 4 |  4.0
Invocations    | 1 |  1.2
Stealth        | |  1.0

Action                   |  1- 3 |  4- 6 |  7- 9 || total
-------------------------+-------+-------+-------++-------
Melee: Unarmed           |   111 |    68 |   169 ||   348
       Punch             |     1 |     1 |     6 ||     8
  Use: Scroll            |     1 |     5 |     4 ||    10
       Potion            |       |     3 |     2 ||     5
 Stab: Sleeping          |     4 |     1 |     5 ||    10
Armor: Robe              |    42 |    17 |    46 ||   105
Dodge: Dodged            |    56 |    24 |    98 ||   178
